 Dungeon Crawl Stone Soup version 0.21.1-1-g345015fe64 (webtiles) character file.

8787 BrokenGlass the Fighter (level 11, -4/108 HPs)
             Began as a Naga Venom Mage on Mar 31, 2018.
             Was a Follower of the Shining One.
             Slain by a yak (11 damage)
             ... on level 10 of the Dungeon.
             The game lasted 00:32:44 (12824 turns).

BrokenGlass the Fighter (Naga Venom Mage)          Turns: 12824, Time: 00:32:45

Health: -4/108     AC:  7    Str: 12    XL:     11   Next: 36%
Magic:  15/24      EV: 10    Int: 18    God:    the Shining One [*.....]
Gold:   576        SH:  0    Dex: 14    Spells: 16/29 levels left

rFire    + . .     SeeInvis +   S - +9 mace of Suicidal Tendencies {elec, MR+}
rCold    . . .     Gourm    .   (no shield)
rNeg     . . .     Faith    .   Y - +2 robe {rF+}
rPois    +         Spirit   .   (helmet restricted)
rElec    .         Reflect  .   s - +0 cloak {MR+}
rCorr    .         Harm     .   (no gloves)
MR       ++++.                  (no barding)
Stlth    ++........             m - amulet of rage
HPRegen  0.28/turn              V - ring of protection from magic
MPRegen  0.19/turn              e - +3 ring of intelligence

@: glowing, very slow
A: large, horns 1, stinger 1, see invisible, deformed body, poison resistance,
slowness 2, slow metabolism 1, spit poison 1, MP-powered wands, AC +3
a: Spit Poison, Renounce Religion, Evoke Berserk Rage


You were on level 10 of the Dungeon.
You worshipped the Shining One.
The Shining One was aware of your devotion.
You were hungry.

You visited 2 branches of the dungeon, and saw 11 of its levels.
You also visited: Ossuary.

You collected 666 gold pieces.
You spent 90 gold pieces at shops.

Inventory:

Hand Weapons
 k - a +0 quarterstaff
 v - a +0 hunting sling
 S - the +9 mace of Suicidal Tendencies (weapon) {elec, MR+}
   (You found it on level 8 of the Dungeon)

   Occasionally, upon striking a foe, it will discharge some electrical energy
   and cause terrible harm.
   It affects your resistance to hostile enchantments.
 X - a +4 scimitar of flaming
Missiles
 g - 146 bolts
 h - 408 stones (quivered)
 n - 99 arrows
 r - 56 sling bullets
 C - 2 throwing nets
Armour
 s - a +0 cloak of magic resistance (worn)
 K - a +2 helmet
 Y - a +2 robe of fire resistance (worn)
Magical Staves
 G - an uncursed staff of summoning
Jewellery
 e - a +3 ring of intelligence (right hand)
 m - an amulet of rage (around neck)
 D - an uncursed ring of flight
 U - a +2 ring of evasion
 V - a ring of protection from magic (left hand)
Wands
 a - a wand of acid (15)
 l - a wand of digging (8)
 L - a wand of flame (6)
 T - a wand of polymorph (9)
 Z - a wand of iceblast (8)
Scrolls
 d - a scroll of identify
 f - 4 scrolls of blinking
 p - 10 scrolls of remove curse {unknown}
 w - 2 scrolls of random uselessness {unknown}
 y - 3 scrolls of teleportation
 A - 3 scrolls of enchant armour {unknown}
 B - 3 scrolls of immolation {unknown}
 H - a scroll of fog {unknown}
 I - 2 scrolls of noise {unknown}
 M - a scroll of magic mapping
 O - a scroll of vulnerability {unknown}
 Q - a scroll of fear {unknown}
Potions
 i - 5 potions of heal wounds
 j - 3 potions of cancellation
 o - 8 potions of curing
 q - a potion of lignification {unknown}
 t - 2 potions of magic
 u - 3 potions of agility
 E - a potion of berserk rage
 F - 4 potions of haste
 N - 2 potions of might
 P - a potion of resistance
 R - a potion of brilliance
 W - a potion of ambrosia {unknown}
Books
 b - a Young Poisoner's Handbook

   Spells                             Type                      Level
   a - Sting                          Conjuration/Poison           1
   b - Poisonous Vapours              Poison/Air                   2
   c - Mephitic Cloud                 Conjuration/Poison/Air       3
   d - Olgreb's Toxic Radiance        Poison                       4
   e - Venom Bolt                     Conjuration/Poison           5
 J - a book of Battle

   Spells                             Type                      Level
   a - Infusion                       Charms                       1
   b - Shroud of Golubria             Charms/Translocation         2
   c - Song of Slaying                Charms                       2
   d - Spectral Weapon                Hexes/Charms                 3
   e - Regeneration                   Charms/Necromancy            3
Comestibles
 c - 29 rations


   Skills:
 - Level 10.0 Fighting
 * Level 6.2 Maces & Flails
 - Level 1.5 Dodging
 - Level 8.6 Stealth
 + Level 9.9 Spellcasting
 - Level 1.0 Conjurations
 - Level 2.1 Charms
 - Level 2.0 Necromancy
 - Level 6.1 Poison Magic


You had 16 spell levels left.
You knew the following spells:

 Your Spells              Type           Power        Failure   Level  Hunger
a - Sting                 Conj/Pois      ###.         1%          1    None
b - Mephitic Cloud        Conj/Pois/Air  ###.....     9%          3    None
c - Poisonous Vapours     Pois/Air       ###...       3%          2    None
d - Olgreb's Toxic Radia  Pois           ####....     6%          4    ###....
e - Regeneration          Chrm/Necr      ###.......   10%         3    None


Dungeon Overview and Level Annotations

Branches:
Dungeon (10/15)            Temple (1/1) D:7            Lair (0/6) D:9
    Orc: D:9-12

Altars:
Ashenzari
Cheibriados
Dithmenos
Elyvilon
Fedhas
Gozag
Hepliaklqana
Kikubaaqudgha
Makhleb
Nemelex Xobeh
Okawaru
Qazlal
Ru
Sif Muna
Trog
Uskayaw
Vehumet
Wu Jian
Xom
Yredelemnul
Zin
The Shining One

Shops:
D:7 *


Innate Abilities, Weirdness & Mutations

You cannot wear boots.
Your serpentine skin is tough. (AC +3)
You have supernaturally acute eyesight. (SInv)
Armour fits poorly on your strangely shaped body.
Your system is resistant to poisons. (rPois)
You cover ground very slowly.
You have a slow metabolism.
You can spit poison.
You have a pair of small horns on your head.
Your tail ends in a poisonous barb.
You expend magic power (3 MP) to strengthen your wands.


Message History

The yak gores you.
* * * LOW HITPOINT WARNING * * *
The yak is engulfed in noxious fumes.
The yak appears confused.
The yak barely misses the yak.
Unknown command.
Unknown command.
Unknown command.
Unknown command.
Unknown command.
You hit the yak.
The yak is moderately wounded.
The yak gores the yak!
The yak is engulfed in noxious fumes.
The yak gores the yak!
Unknown command.
Unknown command.
Unknown command.
You hit the yak.
The yak is almost dead.
The yak gores you!
You die...

)†.......# .
†........##.............
#........##.............#
#........##.............#8
#........##...............
#........##...............
#.........................
#..............[§.........
#........##.....@§(.[.....
#...Y.Y.........
#......)........
.........##...............
.........##........##..###
.........##........# .#
.........##........# #
.........##........#
.........##........#


You could see 2 yaks.

Vanquished Creatures
  A two-headed ogre (D:8)
  Erica (D:8)
  An unseen horror (D:8)
  A manticore (D:8)
  Joseph (D:8)
  Psyche (D:8)
  A komodo dragon (D:9)
  A troll (D:9)
  A hornet (D:9)
  Prince Ribbit (D:7)
  Eustachio (D:6)
  A spriggan (D:7)
  2 yaks (D:10)
  A wyvern (D:9)
  Edmund (D:6)
  Menkaure (Ossuary)
  A black bear (D:9)
  4 ice beasts
  A sky beast (D:7)
  3 orc warriors
  6 phantoms
  3 ogres
  2 centaurs
  A big kobold (D:10)
  4 bullfrogs
  10 killer bees
  2 scorpions
  3 crimson imps
  A quasit (D:8)
  5 hounds
  A centaur zombie (D:8)
  A bullfrog skeleton (D:5)
  A centaur skeleton (D:3)
  4 gnoll shamans (D:6)
  A jelly (D:9)
  4 orc priests
  5 orc wizards
  2 iguanas
  Crazy Yiuf (D:2)
  7 worker ants
  Terence (D:3)
  3 mummies (Ossuary)
  3 hound skeletons
  34 gnolls
  12 adders
  An ooze (D:3)
  A worm (D:2)
  2 dart slugs (D:2)
  8 leopard geckos
  31 orcs
  3 giant cockroaches
  6 gnoll zombies (Ossuary)
  6 goblins
  5 hobgoblins
  20 jackals
  10 kobolds
  A quokka (D:3)
  A ball python (D:3)
  8 bats
  9 frilled lizards
  3 gnoll skeletons (Ossuary)
  3 goblin skeletons (Ossuary)
  5 goblin zombies
  6 hobgoblin skeletons (Ossuary)
  3 hobgoblin zombies (Ossuary)
  A kobold skeleton (Ossuary)
  A kobold zombie (Ossuary)
  A leopard gecko skeleton (D:5)
  A leopard gecko zombie (D:5)
  3 orc skeletons (Ossuary)
  4 orc zombies (Ossuary)
  A quokka skeleton (D:9)
  A quokka zombie (D:4)
  11 rats
  2 rat skeletons (Ossuary)
  A rat zombie (Ossuary)
  A plant (D:9)
303 creatures vanquished.

Vanquished Creatures (others)
  A gnoll zombie (Ossuary)
  A gnoll skeleton (Ossuary)
  A goblin skeleton (Ossuary)
  2 goblin zombies (Ossuary)
  A hobgoblin skeleton (Ossuary)
  2 hobgoblin zombies (Ossuary)
  A kobold skeleton (Ossuary)
  An orc skeleton (Ossuary)
  2 rat skeletons (Ossuary)
  A rat zombie (Ossuary)
13 creatures vanquished.

Grand Total: 316 creatures vanquished

Notes
Turn   | Place    | Note
-------+----------+-------------------------------------------
     0 | D:1      | BrokenGlass the Naga Venom Mage began the quest for the Orb.
     0 | D:1      | Reached XP level 1. HP: 15/15 MP: 3/3
   248 | D:1      | Reached skill level 1 in Fighting
   405 | D:1      | Reached XP level 2. HP: 24/26 MP: 1/5
   455 | D:1      | Reached skill level 2 in Fighting
   515 | D:1      | HP: 1/26 [jackal (1)]
   987 | D:1      | Reached XP level 3. HP: 33/33 MP: 0/6
  1334 | D:2      | Reached skill level 3 in Fighting
  1451 | D:2      | Found a bloodstained altar of Trog.
  1491 | D:2      | Reached XP level 4. HP: 42/42 MP: 4/7
  1590 | D:2      | Found a runed door.
  1903 | D:2      | Found a faded altar of an unknown god.
  2134 | D:2      | Noticed Crazy Yiuf
  2143 | D:2      | Killed Crazy Yiuf
  2143 | D:2      | Reached skill level 4 in Fighting
  2451 | D:3      | Reached XP level 5. HP: 50/50 MP: 4/8
  2727 | D:3      | Noticed Terence
  2742 | D:3      | Killed Terence
  2793 | D:3      | Learned a level 3 spell: Mephitic Cloud
  2796 | D:3      | Learned a level 2 spell: Poisonous Vapours
  2986 | D:3      | Reached XP level 6. HP: 42/60 MP: 0/10
  3441 | D:4      | Found a sand-covered staircase.
  3464 | Ossuary  | Entered an ossuary
  3775 | Ossuary  | Noticed Menkaure
  3777 | Ossuary  | Killed Menkaure
  3777 | Ossuary  | Reached skill level 5 in Fighting
  4525 | D:4      | Learned a level 4 spell: Olgreb's Toxic Radiance
  4528 | D:4      | Reached skill level 5 in Poison Magic
  4699 | D:4      | Reached XP level 7. HP: 52/67 MP: 12/12
  4829 | D:5      | Entered Level 5 of the Dungeon
  5498 | D:5      | Reached skill level 6 in Fighting
  5881 | D:5      | Reached XP level 8. HP: 64/76 MP: 15/15
  6020 | D:5      | Reached skill level 5 in Spellcasting
  6535 | D:6      | Noticed Eustachio
  6558 | D:6      | Killed Eustachio
  7200 | D:6      | Reached skill level 7 in Fighting
  7552 | D:6      | Reached XP level 9. HP: 73/86 MP: 12/19
  7637 | D:6      | Noticed Edmund
  7643 | D:6      | Killed Edmund
  8633 | D:7      | Reached skill level 8 in Fighting
  8783 | D:7      | Found Nypeon's Assorted Antiques.
  8798 | D:7      | Bought a sedimented coppery potion for 21 gold pieces
  8798 | D:7      | Bought a scroll labeled YNUPSO SUSOQAM for 24 gold pieces
  8798 | D:7      | Bought a scroll labeled SUINAL SUOMU for 24 gold pieces
  8798 | D:7      | Bought a lumpy pink potion for 21 gold pieces
  9057 | D:7      | Found a staircase to the Ecumenical Temple.
  9279 | D:7      | Noticed Prince Ribbit
  9286 | D:7      | Killed Prince Ribbit
  9286 | D:7      | Reached skill level 9 in Fighting
  9618 | Temple   | Entered the Ecumenical Temple
  9626 | Temple   | Learned a level 3 spell: Regeneration
  9671 | Temple   | Became a worshipper of the Shining One
  9755 | D:8      | Reached XP level 10. HP: 82/99 MP: 15/22
  9847 | D:8      | Noticed Joseph
  9881 | D:8      | Killed Joseph
  9881 | D:8      | Reached skill level 1 in Charms
  9881 | D:8      | Reached skill level 1 in Necromancy
 10154 | D:8      | Got a twisted mace
 10155 | D:8      | Identified the +9 mace of Suicidal Tendencies {elec, MR+} (You found it on level 8 of the Dungeon)
 10237 | D:8      | Noticed Erica
 10248 | D:8      | Killed Erica
 10248 | D:8      | Reached skill level 1 in Maces & Flails
 10248 | D:8      | Reached skill level 5 in Stealth
 10340 | D:8      | Noticed an unseen horror
 10346 | D:8      | Killed an unseen horror
 10456 | D:8      | Noticed Psyche
 10467 | D:8      | Killed Psyche
 10467 | D:8      | Reached skill level 10 in Fighting
 10512 | D:8      | Noticed a two-headed ogre
 10514 | D:8      | Noticed a manticore
 10514 | D:8      | a two-headed ogre changed into a manticore
 10523 | D:8      | Killed a manticore
 10742 | D:8      | Reached * piety under the Shining One
 10966 | D:8      | Noticed a two-headed ogre
 10989 | D:8      | Killed a two-headed ogre
 10989 | D:8      | Reached XP level 11. HP: 108/108 MP: 2/24
 11408 | D:9      | Reached skill level 5 in Maces & Flails
 11453 | D:9      | Found a staircase to the Lair.
 12440 | D:10     | Entered Level 10 of the Dungeon
 12472 | D:10     | Gained mutation: You are clumsy. (Dex -2) [potion of mutation]
 12472 | D:10     | Gained mutation: Your movements are slightly less encumbered by armour. (ER -2) [potion of mutation]
 12472 | D:10     | Gained mutation: You are covered in fur. (AC +1) [potion of mutation]
 12473 | D:10     | Lost mutation: You are clumsy. (Dex -2) [potion of mutation]
 12473 | D:10     | Gained mutation: You expend magic power (3 MP) to strengthen your wands. [potion of mutation]
 12473 | D:10     | Gained mutation: You have a pair of small horns on your head. [potion of mutation]
 12474 | D:10     | Lost mutation: You are covered in fur. (AC +1) [potion of mutation]
 12474 | D:10     | Lost mutation: Your movements are slightly less encumbered by armour. (ER -2) [potion of mutation]
 12474 | D:10     | Lost mutation: You have a pair of small horns on your head. [potion of mutation]
 12474 | D:10     | Gained mutation: You have a pair of small horns on your head. [potion of mutation]
 12474 | D:10     | Gained mutation: Your tail ends in a poisonous barb. [potion of mutation]
 12824 | D:10     | Slain by a yak

Skill      XL: |  1  2  3  4  5  6  7  8  9 10 11 |
---------------+----------------------------------+-----
Fighting       | 1 2 3 4 5 6 7 9 10 | 10.0
Spellcasting   | 3 4 7 8 9 |  9.9
Poison Magic   | 5 6 |  6.1
Stealth        | 8 |  8.6
Charms         | 2 |  2.1
Necromancy     | 2 |  2.0
Maces & Flails | 4 6 |  6.2
Dodging        | |  1.5
Conjurations   | |  1.0

Action                   |  1- 3 |  4- 6 |  7- 9 | 10-12 || total
-------------------------+-------+-------+-------+-------++-------
Melee: Unarmed           |    35 |       |       |       ||    35
       Quarterstaff      |       |    70 |   281 |    32 ||   383
       Mace              |       |       |       |   142 ||   142
       Headbutt          |       |       |       |     6 ||     6
       Tailslap          |       |       |       |     2 ||     2
 Fire: Hunting sling     |       |   128 |    78 |       ||   206
 Cast: Sting             |    57 |    71 |     9 |     4 ||   141
       Poisonous Vapours |       |     5 |    67 |    45 ||   117
       Mephitic Cloud    |       |     2 |    34 |    20 ||    56
       Olgreb's Toxic Ra |       |       |       |     1 ||     1
 Abil: Spit Poison       |    13 |    19 |     4 |     2 ||    38
Evoke: Wand              |       |     1 |     9 |     1 ||    11
  Use: Scroll            |       |     3 |     2 |    10 ||    15
       Potion            |       |       |     1 |     3 ||     4
 Stab: Sleeping          |     2 |     3 |     1 |       ||     6
       Confused          |       |       |    13 |       ||    13
       Petrified         |       |       |    14 |       ||    14
       Paralysed         |       |       |     3 |       ||     3
       Petrifying        |       |       |     1 |       ||     1
  Eat: Chunk             |     3 |     7 |     8 |     8 ||    26
       Ration            |       |     1 |     2 |       ||     3
Armor: Robe              |     1 |    22 |   117 |    54 ||   194
Dodge: Dodged            |    45 |    72 |   191 |    98 ||   406
